TOP OF THE 1ST |
Washington Nationals batting - Pitching for Los Angeles Dodgers : LHP Alastair Tippett
|
Pitching: LHP Alastair Tippett
|
|
Batting: RHB C.J. Beavers
|
0-0: Ball 1-0: Foul Ball, location: 2F 1-1: Ball 2-1: Foul Ball, location: 2F 2-2: Strikes out swinging
|
Batting: LHB R.J. O'Brien
|
0-0: Called Strike 0-1: Ground out 1-3 (Groundball, 15S, EV 64.4 MPH)
|
Batting: SHB Junzo Kato
|
0-0: Foul Ball, location: 2F 0-1: Called Strike 0-2: Fly out, F7 (Flyball, 7LS, EV 86.3 MPH)
|
Top of the 1st over - 0 runs, 0 hits, 0 errors, 0 left on base; Washington 0 - Los Angeles 0 |
BOTTOM OF THE 1ST |
Los Angeles Dodgers batting - Pitching for Washington Nationals : RHP Danny Diaz
|
Pitching: RHP Danny Diaz
|
|
Batting: SHB Joel Baker
|
0-0: Ball 1-0: Ball 2-0: Ground out 4-3 (Groundball, 4, EV 112.5 MPH)
|
Batting: LHB Chris Ringwood
|
0-0: Swinging Strike 0-1: Called Strike 0-2: Ball 1-2: Foul Ball, location: 2F 1-2: Ball 2-2: Strikes out swinging
|
Batting: LHB Bob Branham
|
0-0: Ball 1-0: Ball 2-0: Ball 3-0: Base on Balls
|
Batting: LHB Lirak Bazhunaishvili
|
0-0: Called Strike 0-1: Ball 1-1: Ball 2-1: Called Strike 2-2: Ball 3-2: Foul Ball, location: 2F 3-2: Strikes out swinging
|
Bottom of the 1st over - 0 runs, 0 hits, 0 errors, 1 left on base; Washington 0 - Los Angeles 0 |
TOP OF THE 2ND |
Washington Nationals batting - Pitching for Los Angeles Dodgers : LHP Alastair Tippett
|
Batting: RHB John Sanders
|
0-0: Swinging Strike 0-1: Ball 1-1: DOUBLE (Flyball, 8LXD, EV 110.0 MPH)
|
Batting: LHB Armando Carbajal
|
0-0: Called Strike 0-1: Ball 1-1: Ground out U3 (Groundball, 3, EV 83.8 MPH) John Sanders to third
|
Batting: RHB Luis Torres
|
0-0: Called Strike 0-1: Ball 1-1: Fly out, F8 (Line Drive, 8RM, EV 86.9 MPH) Runner from 3rd tags up, OUT at HOME! 8-2
|
Top of the 2nd over - 0 runs, 1 hit, 0 errors, 0 left on base; Washington 0 - Los Angeles 0 |
BOTTOM OF THE 2ND |
Los Angeles Dodgers batting - Pitching for Washington Nationals : RHP Danny Diaz
|
Batting: RHB Clay Buchanan
|
0-0: SINGLE (Groundball, 56D, EV 106.9 MPH)
|
Batting: RHB Jorge Severiano
|
0-0: Ball 1-0: Called Strike 1-1: Called Strike 1-2: Fly out, F9 (Flyball, 9, EV 95.0 MPH)
|
Batting: LHB Ryan Taylor
|
0-0: Swinging Strike 0-1: Called Strike 0-2: Ball 1-2: Strikes out swinging
|
Batting: RHB Tsutomu Irie
|
0-0: Called Strike Clay Buchanan steals 2nd base 0-1: Foul Ball, location: 2F 0-2: Foul Ball, location: 2F 0-2: Ball 1-2: Foul Ball, location: 2F 1-2: Fly out, F7 (Flyball, 7LM, EV 85.6 MPH)
|
Bottom of the 2nd over - 0 runs, 1 hit, 0 errors, 1 left on base; Washington 0 - Los Angeles 0 |
TOP OF THE 3RD |
Washington Nationals batting - Pitching for Los Angeles Dodgers : LHP Alastair Tippett
|
Batting: SHB Andrew Wray II
|
0-0: Ball 1-0: Ball 2-0: Ball 3-0: Base on Balls
|
Batting: RHB Tommy Baird
|
0-0: Ball Andrew Wray II is caught stealing 2nd base 2-4 1-0: Called Strike 1-1: SOLO HOME RUN (Flyball, 7D, EV 99.4 MPH), Distance : 399 ft
|
Batting: RHB Mike Blair
|
0-0: Swinging Strike 0-1: Fly out, F8 (Flyball, 8RD, EV 106.3 MPH)
|
Batting: RHB C.J. Beavers
|
0-0: Called Strike 0-1: Ball 1-1: Foul Ball, location: 2F 1-2: Foul Ball, location: 2F 1-2: Ball 2-2: Fly out, F7 (Flyball, 7, EV 95.0 MPH)
|
Top of the 3rd over - 1 run, 1 hit, 0 errors, 0 left on base; Washington 1 - Los Angeles 0 |
BOTTOM OF THE 3RD |
Los Angeles Dodgers batting - Pitching for Washington Nationals : RHP Danny Diaz
|
Batting: RHB Ben Mischnick
|
0-0: Ball 1-0: Ground out 6-3 (Groundball, 6, EV 80.0 MPH)
|
Batting: SHB Joel Baker
|
0-0: Ball 1-0: DOUBLE (Flyball, 78D, EV 111.3 MPH)
|
Batting: LHB Chris Ringwood
|
0-0: Ball 1-0: Called Strike 1-1: Foul Ball, location: 2F 1-2: Foul Ball, location: 2F 1-2: Foul Ball, location: 2F 1-2: Strikes out swinging
|
Batting: LHB Bob Branham
|
0-0: Called Strike 0-1: Ball 1-1: Fly out, F8 (Line Drive, 8RM, EV 95.6 MPH)
|
Bottom of the 3rd over - 0 runs, 1 hit, 0 errors, 1 left on base; Washington 1 - Los Angeles 0 |
TOP OF THE 4TH |
Washington Nationals batting - Pitching for Los Angeles Dodgers : LHP Alastair Tippett
|
Batting: LHB R.J. O'Brien
|
0-0: Ball 1-0: Called Strike 1-1: Foul Ball, location: 2F 1-2: Ground out 1-3 (Groundball, 13S, EV 64.4 MPH)
|
Batting: SHB Junzo Kato
|
0-0: Ball 1-0: Ball 2-0: Called Strike 2-1: Foul Ball, location: 2F 2-2: Foul Ball, location: 2F 2-2: Foul Ball, location: 2F 2-2: Ball 3-2: SINGLE (Line Drive, 8LS, EV 87.5 MPH)
|
Batting: RHB John Sanders
|
0-0: Ball 1-0: Called Strike 1-1: Ball 2-1: Called Strike 2-2: Foul Ball, location: 2F 2-2: Grounds into double play, 6-4-3 (Groundball, 6, EV 83.8 MPH)
|
Top of the 4th over - 0 runs, 1 hit, 0 errors, 0 left on base; Washington 1 - Los Angeles 0 |
BOTTOM OF THE 4TH |
Los Angeles Dodgers batting - Pitching for Washington Nationals : RHP Danny Diaz
|
Batting: LHB Lirak Bazhunaishvili
|
0-0: Ball 1-0: Ball 2-0: Ball 3-0: Foul Ball, location: 2F 3-1: Foul Ball, location: 2F 3-2: Base on Balls
|
Batting: RHB Clay Buchanan
|
0-0: Ball 1-0: SINGLE (Groundball, 6D, EV 105.6 MPH) Lirak Bazhunaishvili to second
|
Batting: RHB Jorge Severiano
|
0-0: Ball 1-0: Ball 2-0: Ball 3-0: Base on Balls Lirak Bazhunaishvili to third Clay Buchanan to second
|
Batting: LHB Ryan Taylor
|
0-0: Called Strike 0-1: Swinging Strike 0-2: Fly out, F7 (Flyball, 78D, EV 90.6 MPH) Runner from 3rd tags up, SCORES, throw by LF
|
Batting: RHB Tsutomu Irie
|
0-0: SINGLE (Groundball, 6S, EV 68.1 MPH) (infield hit) Clay Buchanan to third Jorge Severiano to second
|
Batting: RHB Ben Mischnick
|
0-0: Called Strike 0-1: Ball 1-1: Swinging Strike 1-2: Strikes out swinging
|
Batting: SHB Joel Baker
|
0-0: Called Strike 0-1: SINGLE (Groundball, 34D, EV 106.3 MPH) Clay Buchanan scores Jorge Severiano to third Tsutomu Irie to second Runner from 3rd tries for Home, SAFE, throw by RF to home
|
Batting: LHB Chris Ringwood
|
0-0: Called Strike 0-1: SINGLE (Line Drive, 8RS, EV 111.3 MPH) Tsutomu Irie to third Joel Baker to second Runner from 3rd tries for Home, SAFE, throw by CF to home
|
Batting: LHB Bob Branham
|
0-0: Called Strike 0-1: Swinging Strike 0-2: Strikes out swinging
|
Bottom of the 4th over - 4 runs, 4 hits, 0 errors, 2 left on base; Washington 1 - Los Angeles 4 |
TOP OF THE 5TH |
Washington Nationals batting - Pitching for Los Angeles Dodgers : LHP Alastair Tippett
|
Pitching: RHP Taylor Drews
|
|
Batting: LHB Armando Carbajal
|
0-0: Ball 1-0: Foul Ball, location: 2F 1-1: Ball 2-1: Called Strike 2-2: Ball 3-2: Base on Balls
|
Batting: RHB Luis Torres
|
0-0: SINGLE (Flyball, 8RS, EV 100.0 MPH) Armando Carbajal to second Runner from 2nd tries for 3rd, SAFE, no throw by CF
|
Batting: SHB Andrew Wray II
|
0-0: SINGLE (Groundball, 56D, EV 110.0 MPH) Armando Carbajal scores Luis Torres to second
|
Batting: RHB Tommy Baird
|
0-0: Ball 1-0: Ball 2-0: Sac Bunt to P - play at first, batter OUT! 1-3 Luis Torres to third Andrew Wray II to second
|
Batting: RHB Mike Blair
|
0-0: Ball 1-0: Called Strike 1-1: SINGLE (Line Drive, 4D, EV 98.8 MPH) Luis Torres scores Andrew Wray II to third Runner from 3rd tries for Home, SAFE, throw by CF to home Mike Blair to second
|
Batting: RHB C.J. Beavers
|
0-0: Called Strike 0-1: Called Strike 0-2: Fly out, F9 (Flyball, 9D, EV 100.0 MPH) Runner from 2nd tags up, SAFE at 3rd, no throw by RF
|
Batting: LHB R.J. O'Brien
|
0-0: Ball 1-0: Foul Ball, location: 2F 1-1: Ball 2-1: Ball Wild Pitch! Mike Blair scores 3-1: SINGLE (Groundball, 4MD, EV 105.0 MPH)
|
Pitching: LHP Lance Crumpton
|
|
Batting: SHB Junzo Kato
|
0-0: Ball R.J. O'Brien is caught stealing 2nd base 2-4
|
Top of the 5th over - 4 runs, 4 hits, 0 errors, 0 left on base; Washington 5 - Los Angeles 4 |
BOTTOM OF THE 5TH |
Los Angeles Dodgers batting - Pitching for Washington Nationals : RHP Danny Diaz
|
Pitching: LHP Efraim van der Peet
|
|
Batting: LHB Lirak Bazhunaishvili
|
0-0: Foul Ball, location: 2F 0-1: Ball 1-1: Ball 2-1: Called Strike 2-2: Fly out, F8 (Flyball, 8RD, EV 100.0 MPH)
|
Batting: RHB Clay Buchanan
|
0-0: Ball 1-0: Called Strike 1-1: DOUBLE (Line Drive, 9LS, EV 102.5 MPH)
|
Batting: RHB Jorge Severiano
|
0-0: Called Strike 0-1: Fly out, F8 (Flyball, 89M, EV 79.4 MPH)
|
Batting: LHB Ryan Taylor
|
0-0: Ball 1-0: Swinging Strike 1-1: Swinging Strike 1-2: Strikes out swinging
|
Bottom of the 5th over - 0 runs, 1 hit, 0 errors, 1 left on base; Washington 5 - Los Angeles 4 |
TOP OF THE 6TH |
Washington Nationals batting - Pitching for Los Angeles Dodgers : LHP Lance Crumpton
|
Batting: SHB Junzo Kato
|
0-0: Ball 1-0: Called Strike 1-1: Fly out, F9 (Flyball, 9D, EV 81.9 MPH)
|
Batting: RHB John Sanders
|
0-0: Ball 1-0: Called Strike 1-1: Called Strike 1-2: Foul Ball, location: 2F 1-2: Foul Ball, location: 2F 1-2: Ball 2-2: Ball 3-2: Foul Ball, location: 2F 3-2: Foul Ball, location: 2F 3-2: SOLO HOME RUN (Flyball, 89XD, EV 108.1 MPH), Distance : 435 ft
|
Batting: LHB Armando Carbajal
|
0-0: Ball 1-0: Foul Ball, location: 2F 1-1: Called Strike 1-2: Foul Ball, location: 2F 1-2: Ball 2-2: Strikes out swinging
|
Batting: RHB Luis Torres
|
0-0: Ball 1-0: Called Strike 1-1: Ground out 1-3 (Groundball, 34S, EV 65.0 MPH)
|
Top of the 6th over - 1 run, 1 hit, 0 errors, 0 left on base; Washington 6 - Los Angeles 4 |
BOTTOM OF THE 6TH |
Los Angeles Dodgers batting - Pitching for Washington Nationals : LHP Efraim van der Peet
|
Batting: RHB Tsutomu Irie
|
0-0: Ball 1-0: Called Strike 1-1: Ball 2-1: Called Strike 2-2: Fly out, F3 (Popup, 3F, EV 78.1 MPH)
|
Batting: RHB Ben Mischnick
|
0-0: Ball 1-0: Foul Ball, location: 2F 1-1: Ball 2-1: Ball 3-1: Called Strike 3-2: Base on Balls
|
Batting: SHB Joel Baker
|
0-0: Called Strike 0-1: Ball 1-1: Grounds into double play, 6-4-3 (Groundball, 6, EV 86.9 MPH)
|
Bottom of the 6th over - 0 runs, 0 hits, 0 errors, 0 left on base; Washington 6 - Los Angeles 4 |
TOP OF THE 7TH |
Washington Nationals batting - Pitching for Los Angeles Dodgers : LHP Lance Crumpton
|
Batting: SHB Andrew Wray II
|
0-0: Called Strike 0-1: Ball 1-1: Ball 2-1: Ball 3-1: Base on Balls
|
Batting: RHB Tommy Baird
|
0-0: Ball 1-0: Ball 2-0: Ball 3-0: Called Strike 3-1: Base on Balls Andrew Wray II to second
|
Batting: RHB Mike Blair
|
0-0: Sac Bunt to 2L - play at first, batter OUT! 2-3 Andrew Wray II to third Tommy Baird to second
|
Pinch Hitting: RHB Luis Ramos
|
0-0: Ball 1-0: Ball 2-0: Foul Ball, location: 2F 2-1: Foul Ball, location: 2F 2-2: DOUBLE (Line Drive, 89XD, EV 106.3 MPH) Andrew Wray II scores Tommy Baird scores
|
Pitching: LHP Gabe Reyes
|
|
Batting: RHB Danny Gerardo
|
0-0: Ball 1-0: Ball 2-0: Foul Ball, location: 2F 2-1: Fly out, F9 (Line Drive, 9, EV 88.8 MPH)
|
Pinch Hitting: RHB Masashi Yukizawa
|
0-0: Called Strike 0-1: Swinging Strike 0-2: Ball Passed Ball! Luis Ramos to third 1-2: Ball 2-2: Ball 3-2: Foul Ball, location: 2F 3-2: Foul Ball, location: 2F 3-2: Strikes out looking
|
Top of the 7th over - 2 runs, 1 hit, 0 errors, 1 left on base; Washington 8 - Los Angeles 4 |
BOTTOM OF THE 7TH |
Los Angeles Dodgers batting - Pitching for Washington Nationals : LHP Efraim van der Peet
|
Pitching: RHP Kyle Bradley
|
|
Now at 3B: Masashi Yukizawa
|
|
Now in RF: Luis Ramos
|
|
Pinch Hitting: SHB Carlos Rodriguez
|
0-0: Called Strike 0-1: Ball 1-1: Foul Ball, location: 2F 1-2: Ball 2-2: SINGLE (Flyball, 78S, EV 86.9 MPH)
|
Pinch Hitting: LHB Dalton Silveira
|
0-0: Ball 1-0: Ball 2-0: Ball 3-0: Base on Balls Carlos Rodriguez to second
|
Pinch Hitting: RHB Isaiah Yarbrough
|
0-0: Called Strike 0-1: Ball 1-1: Foul Ball, location: 2F 1-2: Ball 2-2: Ball 3-2: Strikes out swinging
|
Batting: RHB Clay Buchanan
|
0-0: Ball 1-0: Ball Wild Pitch! Carlos Rodriguez to third Dalton Silveira to second 2-0: Called Strike 2-1: Ball 3-1: Base on Balls
|
Batting: RHB Justin Anastasio
|
0-0: Ball 1-0: SINGLE (Flyball, 8LS, EV 96.9 MPH) Carlos Rodriguez scores Dalton Silveira to third Clay Buchanan to second Throwing error, E8 Dalton Silveira scores Clay Buchanan to third Justin Anastasio to second
|
Pinch Hitting: RHB Dusty Pollert
|
0-0: Called Strike 0-1: Ball 1-1: Swinging Strike 1-2: Strikes out swinging
|
Pinch Hitting: RHB Edwin Soto
|
0-0: Called Strike 0-1: Swinging Strike 0-2: Ball 1-2: Strikes out swinging
|
Bottom of the 7th over - 2 runs, 2 hits, 1 error, 2 left on base; Washington 8 - Los Angeles 6 |
TOP OF THE 8TH |
Washington Nationals batting - Pitching for Los Angeles Dodgers : LHP Gabe Reyes
|
Now at 1B: Edwin Soto
|
|
Now at 2B: Dalton Silveira
|
|
Now in LF: Dusty Pollert
|
|
Now in CF: Carlos Rodriguez
|
|
Now in RF: Isaiah Yarbrough
|
|
Pinch Hitting: LHB Sidney Pedder
|
0-0: Ground out 5-3 (Groundball, 5, EV 80.6 MPH)
|
Pinch Hitting: RHB Dan Fallon
|
0-0: Called Strike 0-1: Foul Ball, location: 2F 0-2: Strikes out swinging
|
Pinch Hitting: RHB Donovan Auclair
|
0-0: Ball 1-0: Called Strike 1-1: Called Strike 1-2: Fly out, F5 (Flyball, 5D, EV 82.5 MPH)
|
Top of the 8th over - 0 runs, 0 hits, 0 errors, 0 left on base; Washington 8 - Los Angeles 6 |
BOTTOM OF THE 8TH |
Los Angeles Dodgers batting - Pitching for Washington Nationals : RHP Kyle Bradley
|
Pitching: RHP Shane Walker
|
|
Now at 1B: Dan Fallon
|
|
Now at 2B: Masashi Yukizawa
|
|
Now at 3B: Donovan Auclair
|
|
Now at SS: Sidney Pedder
|
|
Now in LF: Andrew Wray II
|
|
Now in CF: Luis Ramos
|
|
Now in RF: Jared Speck
|
|
Pinch Hitting: RHB Steve Perez
|
0-0: Called Strike 0-1: Ball 1-1: SINGLE (Groundball, 34D, EV 95.0 MPH)
|
Batting: SHB Joel Baker
|
0-0: Called Strike 0-1: Ball 1-1: Fielders Choice at 2nd, 5-4 (Groundball, 5L, EV 82.5 MPH)
|
Batting: SHB Carlos Rodriguez
|
0-0: Ball 1-0: Fielders Choice at 2nd, 5-4 (Groundball, 6S, EV 80.6 MPH)
|
Batting: LHB Dalton Silveira
|
0-0: Ball 1-0: Ball 2-0: Ball 3-0: Called Strike 3-1: DOUBLE (Flyball, 78D, EV 110.0 MPH) Carlos Rodriguez to third Runner from 3rd tries for Home, SAFE, no throw by LF
|
Batting: RHB Isaiah Yarbrough
|
0-0: Foul Ball, location: 2F 0-1: Ball 1-1: SINGLE (Groundball, 6S, EV 94.4 MPH) Dalton Silveira to third Runner from 3rd tries for Home, SAFE, throw by CF to home Isaiah Yarbrough to second
|
Batting: RHB Clay Buchanan
|
0-0: Intentional Walk
|
Batting: RHB Justin Anastasio
|
0-0: Called Strike 0-1: Foul Ball, location: 2F 0-2: SINGLE (Groundball, 4M, EV 105.0 MPH) (infield hit) Isaiah Yarbrough to third Clay Buchanan to second
|
Batting: RHB Dusty Pollert
|
0-0: Ball 1-0: Called Strike 1-1: Ball 2-1: Ball 3-1: SINGLE (Groundball, 6MD, EV 100.0 MPH) Isaiah Yarbrough scores Clay Buchanan to third Justin Anastasio to second Runner from 3rd tries for Home, SAFE, throw by CF to home
|
Pitching: RHP Manuel Romero
|
|
Batting: RHB Edwin Soto
|
0-0: Ball 1-0: DOUBLE (Groundball, 5L, EV 106.9 MPH) Justin Anastasio scores Dusty Pollert to third
|
Batting: RHB Steve Perez
|
0-0: Swinging Strike 0-1: Foul Ball, location: 2F 0-2: Ball 1-2: Strikes out looking
|
Bottom of the 8th over - 5 runs, 6 hits, 0 errors, 2 left on base; Washington 8 - Los Angeles 11 |
TOP OF THE 9TH |
Washington Nationals batting - Pitching for Los Angeles Dodgers : LHP Gabe Reyes
|
Pitching: RHP Chut-sai Teoh
|
|
Now at 3B: Steve Perez
|
|
Pinch Hitting: LHB Dillon Gonzalez
|
0-0: Ball 1-0: Ball 2-0: Ground out 4-3 (Groundball, 4, EV 100.0 MPH)
|
Pinch Hitting: LHB Yasahiko Teshima
|
0-0: Foul Ball, location: 2F 0-1: Ground out 4-3 (Groundball, 34, EV 105.0 MPH)
|
Batting: RHB Mike Blair
|
0-0: Ball 1-0: Fly out, F9 (Flyball, 9S, EV 88.1 MPH)
|
Top of the 9th over - 0 runs, 0 hits, 0 errors, 0 left on base; Washington 8 - Los Angeles 11 |
|